 Dungeon Crawl Stone Soup version 0.30-a0-149-g7f746667c4 (webtiles) character file.

Game seed: 10569608353792577601

46414 Flugkiller the Reanimator (level 14, -5/111 HPs)
             Began as a Mummy Wanderer on Sept 26, 2022.
             Was a Priest of Ignis.
             Killed themself with a badly aimed burst of rock shards (15 damage)
             ... on level 5 of the Lair of Beasts.
             The game lasted 00:31:32 (20832 turns).

Flugkiller the Reanimator (Mummy Wanderer)         Turns: 20832, Time: 00:31:32

Health: -5/111     AC:  6    Str: 21    XL:     14   Next: 4%
Magic:  6/21       EV: 19    Int: 10    God:    Ignis [***...]
Gold:   1618       SH:  0    Dex: 25    Spells: 17/23 levels left

rFire   + . .      SeeInvis .    V - +3 eveningstar (freeze)
rCold   + + +      Faith    +    (no shield)
rNeg    + + +      Spirit   .    K - +0 troll leather armour
rPois   ∞          Reflect  .    G - +0 helmet
rElec   .          Harm     .    W - +1 cloak {rC+}
rCorr   .          Rampage  .    o - +1 pair of gloves
Will    +....                    C - +0 pair of boots
Stlth   ++........               N - amulet "Fapri" {Regen+ Dex+7}
HPRegen 1.88/turn                f - ring of protection from fire
MPRegen 0.17/turn                U - ring of the Cricket {rPois rC+ Str+6 Slay+5}

@: corroded, very slightly contaminated
A: cold resistance 1, negative energy resistance 3, torment resistance 2, heat
vulnerability 1, in touch with death 2, no potions, faith
a: Renounce Religion, Fiery Armour, Foxfire Swarm, Rising Flame


You were on level 5 of the Lair of Beasts.
You worshipped Ignis.
Ignis was most pleased with you.
You visited 2 branches of the dungeon, and saw 16 of its levels.
You also visited: Gauntlet and Ice Cave.

You collected 1618 gold pieces.

Inventory:

Hand Weapons
 V - a +3 eveningstar of freezing (weapon)
   (You found it in an ice cave)
Missiles
 i - a throwing net
 j - 41 poisoned darts (quivered)
 l - 13 javelins
 w - 17 boomerangs
 E - a curare-tipped dart
Armour
 o - a +1 pair of gloves (worn)
   (You found it on level 3 of the Dungeon)
 v - the +0 hat of Desheukh {+Blink rF+ Dex+2}
   (You found it in a Gauntlet)

   Dex:       It affects your dexterity (+2).
   rF:        It protects you from fire.
   +Blink:    It lets you blink.
 C - a +0 pair of boots (worn)
   (You found it on level 6 of the Dungeon)
 D - a +0 buckler
   (You took it off a gnoll sergeant on level 8 of the Dungeon)
 G - a +0 helmet (worn)
   (You found it on level 10 of the Dungeon)
 K - a +0 troll leather armour (worn)
   (You found it on level 10 of the Dungeon)
 R - a +1 crystal plate armour of cold resistance
   (You found it in an ice cave)
 W - a +1 cloak of cold resistance (worn)
   (You found it in an ice cave)
Jewellery
 c - a ring of protection from cold
   (You found it on level 3 of the Lair of Beasts)
 f - a ring of protection from fire (left hand)
   (You found it on level 3 of the Dungeon)
 p - a ring of protection from fire
   (You found it on level 4 of the Dungeon)
 A - a ring of fire
   (You found it on level 11 of the Dungeon)
 N - the amulet "Fapri" (around neck) {Regen+ Dex+7}
   (You found it in a Gauntlet)

   [amulet of regeneration]

   Dex:       It affects your dexterity (+7).
   Regen:     It increases your rate of health regeneration.
 U - the ring of the Cricket (right hand) {rPois rC+ Str+6 Slay+5}
   (You found it in an ice cave)

   [ring of strength]

   Str:       It affects your strength (+6).
   Slay:      It affects your accuracy & damage with ranged weapons and melee
   (+5).
   rC:        It protects you from cold.
   rPois:     It protects you from poison.
Wands
 a - a wand of digging (4)
   (You found it on level 3 of the Lair of Beasts)
 e - a wand of polymorph (22)
 u - a wand of iceblast (32)
   (You found it on level 5 of the Dungeon)
 z - a wand of paralysis (20)
   (You found it on level 6 of the Dungeon)
Scrolls
 d - 4 scrolls of fog
 g - 2 scrolls of vulnerability
 h - 3 scrolls of amnesia
 k - a scroll of immolation
 m - 5 scrolls of magic mapping
 n - 2 scrolls of torment {unknown}
 r - 7 scrolls of identify
 t - 9 scrolls of teleportation
 I - 2 scrolls of fear
 L - 2 scrolls of poison
 P - a scroll of silence
Miscellaneous
 x - a phial of floods
   (You found it in a Gauntlet)
 H - a tin of tremorstones (2/2)
   (You found it on level 10 of the Dungeon)
 M - a phantom mirror
   (You found it in a Gauntlet)
 T - a lightning rod (4/4)
   (You found it in an ice cave)


   Skills:
 + Level 10.6 Fighting
 * Level 9.7 Maces & Flails
 - Level 1.0 Throwing
 - Level 11.0 Armour
 + Level 8.5 Dodging
 - Level 1.5 Stealth
 - Level 5.0 Spellcasting
 - Level 1.0 Hexes
 - Level 12.0 Necromancy
 - Level 6.0 Evocations


You had 17 spell levels left.
You knew the following spells:

 Your Spells              Type           Power      Damage    Failure   Level
a - Slow                  Hex            16%        N/A       17%         1
b - Agony                 Necr           56%        N/A       4%          5

Your spell library contained the following spells:

 Spells                   Type           Power      Damage    Failure   Level
 Necrotise                Necr           100%       1d9       1%          1
 Vampiric Draining        Necr           56%        2d10      1%          3
 Freeze                   Ice            8%         1d3       26%         1
 Sting                    Tmut/Pois      8%         1d3       26%         1
 Tukima's Dance           Hex            4%         N/A       45%         3
 Dazzling Flash           Conj/Hex       6%         N/A       52%         3
 Portal Projectile        Hex/Tloc       6%         N/A       52%         3
 Call Canine Familiar     Summ           2%         N/A       58%         3
 Frozen Ramparts          Ice            4%         1d1       58%         3
 Leda's Liquefaction      Hex/Erth       1%         N/A       90%         4
 Airstrike                Air            1%         2d(1-17)  94%         4
 Hailstorm                Conj/Ice       2%         3d3       94%         4
 Iskenderun's Mystic Bla  Conj/Tloc      2%         2d3       94%         4
 Passage of Golubria      Tloc           2%         N/A       94%         4
 Summon Lightning Spire   Summ/Air       2%         N/A       94%         4
 Simulacrum               Ice/Necr       16%        N/A       97%         6
 Silence                  Hex/Air        1%         N/A       99%         5
 Yara's Violent Unravell  Hex/Tmut       1%         3d3       99%         5
 Alistair's Intoxication  Tmut/Pois      1%         N/A       100%        5
 Fireball                 Conj/Fire      1%         3d3       100%        5
 Irradiate                Conj/Tmut      1%         3d12      100%        5
 Iskenderun's Battlesphe  Conj           2%         2d6       100%        5
 Lightning Bolt           Conj/Air       1%         1d12      100%        5
 Summon Forest            Summ/Tloc      1%         N/A       100%        5
 Conjure Ball Lightning   Conj/Air       1%         3x3d6     100%        6
 Eringya's Noxious Bog    Tmut/Pois      1%         N/A       100%        6
 Starburst                Conj/Fire      1%         6d3       100%        6
 Orb of Destruction       Conj           1%         9d5       100%        7
 Summon Hydra             Summ           1%         N/A       100%        7
 Lehudib's Crystal Spear  Conj/Erth      1%         10d2      100%        8
 Spider Form              Tmut/Pois      Unusable   N/A       N/A         3
 Blade Hands              Tmut           Unusable   N/A       N/A         5
 Dragon Form              Tmut           Unusable   N/A       N/A         7

Dungeon Overview and Level Annotations

Branches:
Dungeon (11/15) Zot: 25951  Temple (0/1) D:7            Lair (5/5) D:9 Zot: 25651
 Shoals (0/4) Lair:3       Spider (0/4) Lair:3        Slime (0/5) Lair:5
    Orc (0/2) D:10          IceCv (visited)         Gauntlet (visited)

Altars:
Gozag
Hepliaklqana
Okawaru
Sif Muna
Vehumet
Ignis
Jiyva

Shops:
D:3 *

Annotations:
D:5 1 runed translucent door, SunsangGolaxy's ghost, novice VSEn
D:8 2 runed translucent doors
D:9 3 runed translucent doors, Harold; Tenar's ghost, novice FoFi
Lair:1 exclusion: oklob plant
Lair:4 exclusion: oklob plant


Innate Abilities, Weirdness & Mutations

You are immune to poison.
Your flesh is cold resistant. (rC+)
You are immune to negative energy. (rN+++)
You are immune to unholy pain and torment.
You are vulnerable to heat. (rF-)
You are strongly in touch with the powers of death.
You do not drink.
You have a special connection with the divine. (Faith)


Message History

The water moccasin hisses angrily.
The water moccasin bites you but does no damage.
You hit the water moccasin but do no damage.
The water moccasin completely misses you.
You impale the water moccasin!! You freeze the water moccasin!
You kill the water moccasin!
No target in view!
No target in view!
No target in view!
No target in view!
Found a viscous altar of Jiyva.
Found a staircase to the Slime Pits.
Found a stone staircase leading up.
q - the +5 scale mail of Trial and Error {rF+ rN+ Int+5 Slay-5} No target in view!
No target in view!
You drop the +5 scale mail of Trial and Error {rF+ rN+ Int+5 Slay-5}.
You drop the +5 rapier of Charmed Honour {freeze, Will+}.
A cane toad comes into view.
A cane toad is nearby!
A cane toad is nearby!
No target in view!
No target in view!
No target in view!
The cane toad misses you. The cane toad stings you!
Casting: Agony (dangerous; 4% risk of failure)
Confirm with . or Enter, or press ? or * to list all spells.
Aiming: Agony (dangerous; 4% risk of failure)
Press: ? - help, Shift-Dir - straight line, f - cane toad
Aim: a cane toad (chance to affect: 99%)
You feel a strong surge of power!
The cane toad convulses!
The cane toad closely misses you.
You barely miss the cane toad.
The cane toad is heavily wounded.
The cane toad closely misses you.
You bludgeon the cane toad!!
The cane toad seems to slow down.
You freeze the cane toad.
You kill the cane toad!
No target in view!
No target in view!
HP restored.
g - 2 scrolls of vulnerability (gained 1)
A blink frog comes into view.
A blink frog is nearby!
A blink frog is nearby!
You hit the blink frog.
The blink frog seems to slow down.
You freeze the blink frog.
The blink frog is lightly wounded.
The blink frog hits you.
The blink frog blinks!
The blink frog completely misses you.
You bludgeon the blink frog!! You freeze the blink frog!
You kill the blink frog!
No target in view!
No target in view!
No target in view!
No target in view!
A goliath frog comes into view.
Unknown command.
A goliath frog is nearby!
A goliath frog is nearby!
A goliath frog is nearby!
The goliath frog hits you! The acid corrodes you!
You are splashed with acid!
Casting: Agony (dangerous; 4% risk of failure)
Confirm with . or Enter, or press ? or * to list all spells.
Aiming: Agony (dangerous; 4% risk of failure)
Press: ? - help, Shift-Dir - straight line, f - goliath frog
Aim: a goliath frog (chance to affect: 87%)
You feel a strong surge of power!
The goliath frog convulses!
The goliath frog hits you! The acid corrodes you!
You are splashed with acid!
Casting: Agony (dangerous; 4% risk of failure)
Confirm with . or Enter, or press ? or * to list all spells.
Aiming: Agony (dangerous; 4% risk of failure)
Press: ? - help, Shift-Dir - straight line, f/p - goliath frog
Aim: a goliath frog (heavily wounded, chance to affect: 87%)
You feel a strong surge of power!
You miscast Agony.
You are very lightly contaminated with residual magic.
Nothing appears to happen.
The goliath frog hits you!
You are splashed with acid.
You are too injured to fight recklessly!
You are too injured to fight recklessly!
You are too injured to fight recklessly!
You miss the goliath frog.
The goliath frog is heavily wounded.
The goliath frog completely misses you.
Casting: Agony (dangerous; 4% risk of failure)
Confirm with . or Enter, or press ? or * to list all spells.
Aiming: Agony (dangerous; 4% risk of failure)
Press: ? - help, Shift-Dir - straight line, f/p - goliath frog
Aim: a goliath frog (heavily wounded, chance to affect: 87%)
You feel a strong surge of power!
The goliath frog convulses!
The goliath frog hits you!
You are splashed with acid!
The goliath frog hits you.
You are splashed with acid!
* * * LOW HITPOINT WARNING * * *
The tremorstone explodes into fragments!
The burst of rock shards engulfs you!
* * * LOW HITPOINT WARNING * * *
The burst of rock shards engulfs the goliath frog!
You kill the goliath frog!
The burst of rock shards engulfs you!
You die...

#.....#.##
##.....##
#....##
#.....#
#.#..##
###..P#
#....# #....#
#.@..# #.†.$#
#....#
.......
.........
............
####......##.
#P..####
###...#


There were no monsters in sight!

Vanquished Creatures
  A minotaur (Gauntlet)
  Erolcha (D:9)
  3 hydras
  2 ironbound frosthearts (IceCv)
  A catoblepas (Lair:3)
  2 two-headed ogres
  A boulder beetle (Lair:4)
  Nergalle (D:10)
  A goliath frog (Lair:5)
  Lodul (D:10)
  A cyclops (D:11)
  An ugly thing (IceCv)
  6 elephants
  3 black mambas
  Joseph (D:7)
  An ice statue (IceCv)
  16 cane toads
  7 komodo dragons
  4 rime drakes
  17 polar bears
  A queen bee (Gauntlet)
  3 trolls
  A tyrant leech (Lair:5)
  15 blink frogs
  A hornet (D:4)
  A dream sheep (Lair:4)
  7 flying skulls (Gauntlet)
  A spriggan (Lair:4)
  4 wyverns
  2 shadows (D:10)
  4 basilisks
  39 yaks
  3 vampire mosquitoes (Lair:5)
  A steam dragon (D:7)
  A two-headed ogre zombie (D:10)
  9 water moccasins
  4 acid dragons
  A swamp drake (Lair:1)
  An ice beast (D:7)
  3 black bears
  An orc warrior (D:8)
  A sky beast (D:4)
  7 ogres
  5 centaurs
  30 wolves
  3 phantoms
  2 kobold brigands
  11 bullfrogs
  A necrophage (D:5)
  2 gnoll sergeants
  10 scorpions
  3 cane toad simulacra (Lair:3)
  29 killer bees
  An elephant simulacrum (Lair:3)
  An electric eel (Lair:5)
  3 jellies
  11 howler monkeys
  5 hounds
  7 orc priests
  Terence (D:3)
  4 iguanas
  7 orc wizards
  A wolf simulacrum (Lair:3)
  7 ogre zombies (D:10)
  13 gnolls
  7 adders
  A river rat (Lair:1)
  A white imp (D:6)
  An ufetubus (D:5)
  3 worms
  A dart slug (D:4)
  22 orcs
  9 ball pythons
  5 bats
  3 endoplasms
  5 giant cockroaches
  11 goblins
  6 hobgoblins
  3 jackals (D:3)
  2 quokkas
  A frilled lizard (D:2)
  2 goblin skeletons (D:10)
  3 goblin zombies (D:10)
  A hobgoblin skeleton (D:10)
  3 hobgoblin zombies (D:10)
  17 kobolds
  4 orc skeletons (D:10)
  12 orc zombies (D:10)
  2 rats
464 creatures vanquished.

Vanquished Creatures (others)
  An orc (D:9)
  20 fungi
  92 plants
  2 withered plants (D:5)
115 creatures vanquished.

Grand Total: 579 creatures vanquished

Notes
Turn   | Place    | Note
-------+----------+-------------------------------------------
     0 | D:1      | Flugkiller the Mummy Wanderer began the quest for the Orb.
     0 | D:1      | Flugkiller set off with the following items: a +0 club, a
                  | scroll of fog, a +0 leather armour, a wand of polymorph
                  | (20), a scroll of teleportation; and the following spell
                  | memorised: Slow; and the following spells available to
                  | memorise: Dazzling Flash.
     0 | D:1      | Reached XP level 1. HP: 15/15 MP: 2/2
   447 | D:1      | Reached XP level 2. HP: 16/22 MP: 4/4
  1639 | D:2      | Gained mutation: You are in touch with the powers of death.
                  | [Mummy growth]
  1639 | D:2      | Reached XP level 3. HP: 23/29 MP: 1/5
  2666 | D:2      | Found a faded altar of an unknown god.
  2743 | D:2      | Prayed at the altar of an unknown god.
  2743 | D:2      | Became a worshipper of Ignis, the Dying Flame
  2972 | D:3      | Noticed Terence
  3381 | D:3      | Reached XP level 4. HP: 11/37 MP: 6/6
  3382 | D:3      | Reached skill level 1 in Dodging
  3649 | D:3      | Killed Terence
  3906 | D:3      | Found Xaihaq's General Store.
  4007 | D:3      | Reached XP level 5. HP: 42/42 MP: 7/7
  4341 | D:4      | Noticed a sky beast
  4357 | D:4      | Killed a sky beast
  4503 | D:4      | Reached XP level 6. HP: 48/48 MP: 8/8
  4510 | D:4      | Noticed a hornet
  4522 | D:4      | Killed a hornet
  5158 | D:4      | Reached XP level 7. HP: 31/54 MP: 9/9
  6135 | D:5      | Entered Level 5 of the Dungeon
  6262 | D:5      | Reached skill level 1 in Armour
  6776 | D:5      | Reached skill level 5 in Armour
  6776 | D:5      | Reached XP level 8. HP: 46/60 MP: 10/10
  6778 | D:5      | Found a runed translucent door.
  6778 | D:5      | Noticed SunsangGolaxy's ghost (novice VSEn)
  7992 | D:5      | Reached skill level 5 in Fighting
  8043 | D:6      | Reached skill level 5 in Maces & Flails
  8222 | D:6      | Found a hazy altar of Hepliaklqana.
  8279 | D:6      | Reached XP level 9. HP: 69/69 MP: 11/11
  8549 | D:7      | Noticed Joseph
  8725 | D:7      | Killed Joseph
  8931 | D:7      | Found a staircase to the Ecumenical Temple.
  9314 | D:7      | Reached skill level 5 in Dodging
  9482 | D:8      | Noticed a troll
  9515 | D:8      | Killed a troll
 10109 | D:8      | Found a large runed translucent door.
 10110 | D:8      | Found a large runed translucent door.
 10945 | D:9      | Reached XP level 10. HP: 66/76 MP: 12/12
 11040 | D:9      | Found a runed translucent gate.
 11040 | D:9      | Found a runed translucent gate.
 11040 | D:9      | Found a runed translucent gate.
 11041 | D:9      | Noticed Tenar's ghost (novice FoFi)
 11042 | D:9      | Noticed Harold
 11110 | D:9      | Noticed Erolcha
 11130 | D:9      | Killed Erolcha
 11131 | D:9      | Reached skill level 5 in Evocations
 11349 | D:9      | Found a staircase to the Lair.
 11403 | D:9      | Noticed a two-headed ogre
 11470 | D:9      | Killed a two-headed ogre
 11579 | D:9      | Learned a level 5 spell: Agony
 11687 | D:10     | Entered Level 10 of the Dungeon
 11694 | D:10     | Found a radiant altar of Vehumet.
 11721 | D:10     | Found an opulent altar of Gozag.
 11731 | D:10     | Noticed Lodul
 11818 | D:9      | Reached skill level 1 in Necromancy
 12275 | D:10     | Noticed Nergalle
 12297 | D:10     | Killed Lodul
 12298 | D:10     | Reached skill level 2 in Necromancy
 12309 | D:10     | Reached XP level 11. HP: 84/84 MP: 14/16
 12435 | D:10     | Found a staircase to the Orcish Mines.
 12471 | D:10     | Reached skill level 3 in Necromancy
 12501 | D:10     | Killed Nergalle
 12660 | D:10     | Reached skill level 4 in Necromancy
 12898 | D:10     | Noticed a two-headed ogre
 12920 | D:10     | Killed a two-headed ogre
 12921 | D:10     | Reached skill level 5 in Necromancy
 13017 | D:10     | Found an iron altar of Okawaru.
 13318 | D:11     | Found a gate leading to a gauntlet.
 13365 | Gauntlet | Entered a Gauntlet
 13365 | Gauntlet | Found a transporter.
 13365 | Gauntlet | Found a transporter.
 13374 | Gauntlet | Found a transporter.
 13377 | Gauntlet | Found a transporter.
 13385 | Gauntlet | Found a transporter.
 13389 | Gauntlet | Found a transporter.
 13397 | Gauntlet | Found a transporter.
 13414 | Gauntlet | Found a transporter.
 13431 | Gauntlet | Found a transporter.
 13432 | Gauntlet | Found a transporter.
 13434 | Gauntlet | Found a runed translucent door.
 13436 | Gauntlet | Found a runed translucent door.
 13440 | Gauntlet | Found a transporter.
 13444 | Gauntlet | Found a transporter.
 13541 | Gauntlet | Reached skill level 6 in Necromancy
 13609 | Gauntlet | Reached skill level 7 in Necromancy
 13649 | Gauntlet | Identified the +0 hat of Desheukh {+Blink rF+ Dex+2}
 13654 | Gauntlet | Noticed a minotaur
 13678 | Gauntlet | Killed a minotaur
 13679 | Gauntlet | Reached skill level 8 in Necromancy
 13706 | Gauntlet | Identified the amulet "Fapri" {Regen+ Dex+7}
 13707 | Gauntlet | Got the Secrets of Venom and the Blizzard
 14237 | D:11     | Reached skill level 9 in Necromancy
 14642 | Lair:1   | Entered Level 1 of the Lair of Beasts
 14803 | Lair:1   | Noticed an oklob plant
 14823 | Lair:1   | Reached XP level 12. HP: 76/92 MP: 18/18
 15044 | Lair:1   | Reached skill level 10 in Necromancy
 15289 | Lair:2   | Identified the +0 robe of Slovenliness {Harm rPois}
 15321 | Lair:2   | Reached skill level 5 in Spellcasting
 15327 | Lair:2   | Noticed a seven-headed hydra
 15522 | Lair:2   | Killed a seven-headed hydra
 15678 | Lair:2   | Reached skill level 11 in Necromancy
 16289 | Lair:3   | Found a frozen archway.
 16331 | Lair:3   | Noticed a six-headed hydra
 16402 | Lair:2   | Reached skill level 12 in Necromancy
 16509 | Lair:3   | Killed a six-headed hydra
 16556 | Lair:3   | Noticed a catoblepas
 16587 | Lair:3   | Found a staircase to the Shoals.
 16630 | IceCv    | Entered an ice cave
 17319 | IceCv    | Gained mutation: You are strongly in touch with the powers
                  | of death. [Mummy growth]
 17319 | IceCv    | Reached XP level 13. HP: 101/101 MP: 14/20
 18118 | IceCv    | Reached skill level 10 in Armour
 18413 | IceCv    | Got the Writings on the Winter
 18420 | IceCv    | Identified the ring of the Cricket {rPois rC+ Str+6 Slay+5}
 18791 | Lair:3   | Found a shimmering blue altar of Sif Muna.
 18865 | Lair:3   | Found a hole to the Spider Nest.
 19482 | Lair:4   | Reached skill level 10 in Fighting
 19515 | Lair:4   | You fall into a shaft and drop 1 floor!
 19515 | Lair:5   | Entered Level 5 of the Lair of Beasts
 19832 | Lair:4   | Identified the +5 rapier of Charmed Honour {freeze, Will+}
 20604 | Lair:5   | Reached XP level 14. HP: 104/111 MP: 7/21
 20730 | Lair:5   | Found a viscous altar of Jiyva.
 20732 | Lair:5   | Found a staircase to the Slime Pits.
 20756 | Lair:5   | Identified the +5 scale mail of Trial and Error {rF+ rN+
                  | Int+5 Slay-5}
 20832 | Lair:5   | Killed themself with a badly aimed burst of rock shards

Illustrated notes

Levels and vault maps discovered:
D:1:      dpeg_arrival_court, layout_basic, chequers_avenue
D:2:      layout_basic, basic_ecumenical_altar
D:3:      layout_rooms, serial_shops, nicolae_shop_stone, uniq_terence
D:4:      layout_layer_cave, minmay_manual_mandibuliform
D:5:      layout_loops_corners, gammafunk_ghost_grave
D:6:      layout_cave_pools, nicolae_hepliaklqana_hazy_memory
D:7:      layout_basic, minmay_temple_entry_antechambers, serial_glass,
          glass_columns_c, glass_columns_c, glass_columns_a, glass_columns_c,
          glass_columns_a, glass_columns_a, uniq_joseph
D:8:      layout_layer_cave, jmf_multi_god_temple2
D:9:      layout_roguey, david_lair_shrubbed, gammafunk_ghost_nasty_kobolds,
          uniq_harold, uniq_erolcha
D:10:     layout_roguey, old_standard_altar, nicolae_overflow_hidden_temple,
          zombieorc2_lemuel, uniq_lodul, uniq_nergalle
D:11:     layout_stronghold, gauntlet_entry_generic
Lair:1:   statuecave_lemuel, layout_cave_shapes
Lair:2:   layout_chaotic_city, infiniplex_staircase_pool_2
Lair:3:   layout_regular_city, elwin_shoals_entry_rocks,
          nicolae_spider_entry_non_spiders, basic_altar,
          portal_ice_cave_entry_ice_simulacra, minmay_hedge_maze,
          grunt_megastairs_2
Lair:4:   layout_loops_ring, grunt_forest_large_clearing_hut, grunt_megastairs_1
Lair:5:   minmay_lair_end_frog_pond, layout_hall_layers, slime_entry_1

Skill      XL: |  1  2  3  4  5  6  7  8  9 10 11 12 13 |
---------------+----------------------------------------+-----
Fighting       | 2 3 4 6 7 8 9 10 | 10.6
Dodging        | 2 3 4 6 7 8 |  8.5
Maces & Flails | 3 4 5 8 9 |  9.7
Armour         | 5 6 8 9 11 | 11.0
Evocations     | 6 |  6.0
Spellcasting   | 3 4 5 |  5.0
Necromancy     | 2 9 12 | 12.0
Throwing       | |  1.0
Stealth        | |  1.5
Hexes          | |  1.0

Action                   |  1- 3 |  4- 6 |  7- 9 | 10-12 | 13-15 || total
-------------------------+-------+-------+-------+-------+-------++-------
Melee: Club              |    52 |       |       |       |       ||    52
       Short sword       |   149 |       |       |       |       ||   149
       Dagger            |    13 |    89 |    36 |       |       ||   138
       Punch             |     1 |       |     8 |       |     3 ||    12
       Flail             |       |     4 |   300 |   266 |       ||   570
       Whip              |       |       |   229 |       |       ||   229
       Dire flail        |       |       |       |  1171 |   133 ||  1304
       Eveningstar       |       |       |       |       |   263 ||   263
Throw: Dart              |     1 |       |    32 |     6 |       ||    39
 Cast: Slow              |    24 |       |       |     2 |       ||    26
       Agony             |       |       |       |    34 |    53 ||    87
Invok: Fiery Armour      |     1 |       |     3 |       |     2 ||     6
Evoke: Wand              |       |       |     4 |    14 |       ||    18
       Tin of tremorston |       |       |       |     1 |       ||     1
       Phial of floods   |       |       |       |       |     1 ||     1
  Use: Scroll            |     2 |     5 |     3 |     4 |     3 ||    17
 Stab: Sleeping          |     3 |     2 |     3 |     1 |     2 ||    11
       Paralysed         |       |       |     3 |    37 |       ||    40
       Distracted        |       |       |     1 |     1 |       ||     2
Armor: Leather armour    |    92 |    33 |   161 |       |       ||   286
       Steam dragon scal |       |       |   105 |   159 |       ||   264
       Troll leather arm |       |       |       |   489 |   181 ||   670
Dodge: Dodged            |   117 |    67 |   463 |  1332 |   520 ||  2499
Block: Buckler           |       |       |    24 |    36 |       ||    60

Table legend: (Time is in decaauts)
 A = Elapsed time spent in this place.
 B = Non-inter-level travel time spent in this place.
 C = Inter-level travel time spent in this place.
 D = Time resting spent in this place.
 E = Time spent auto-exploring this place.
 F = Levels seen in this place.
 G = Mean time per level.
                   A        B        C        D        E       F      G
               +--------+--------+--------+--------+--------+-----+--------+
         Total |  20782 |  19944 |    838 |   4624 |   9446 |  18 | 1154.6 |
       Dungeon |  14276 |  13641 |    635 |   3070 |   6874 |  11 | 1297.8 |
          Lair |   4348 |   4145 |    203 |    679 |   2180 |   5 |  869.6 |
      Ice Cave |   1817 |   1817 |      0 |    854 |    301 |   1 | 1817.0 |
      Gauntlet |    340 |    340 |      0 |     21 |     91 |   1 |  340.0 |
               +--------+--------+--------+--------+--------+-----+--------+

Top non-repeatable levels by time:
   IceCv: 1817 daAuts
     D:5: 1799 daAuts
     D:4: 1629 daAuts
     D:3: 1567 daAuts
    D:10: 1556 daAuts
     D:1: 1505 daAuts
     D:8: 1500 daAuts
     D:2: 1446 daAuts
  Lair:2: 1207 daAuts
  Lair:4: 1145 daAuts
    D:11: 911 daAuts
     D:9: 901 daAuts
  Lair:3: 844 daAuts
     D:7: 805 daAuts
     D:6: 652 daAuts
